 Dungeon Crawl Stone Soup version 0.30-a0-847-g17996783a1 (webtiles) character file.

Game seed: 5965612312295448139

23 Ceno the Sneak (level 2, 0/14 HPs)
             Began as a Felid Delver on Mar 3, 2023.
             Slain by a gnoll
             ... wielding a +0 club
             ... led by a gnoll bouda
              (4 damage)
             ... on level 3 of the Dungeon.
             The game lasted 00:02:07 (320 turns).

Ceno the Sneak (Felid Delver)                        Turns: 320, Time: 00:02:07

Health: 0/14       AC:  1    Str:  8    XL:     2   Next: 72%
Magic:  3/3        EV: 14    Int: 11    God:
Gold:   11         SH:  0    Dex: 17    Spells: 1/1 levels left
                                        Lives:  0   Deaths: 0

rFire   . . .      SeeInvis +      - Unarmed
rCold   . . .      Faith    .    (shield unavailable)
rNeg    . . .      Spirit   .    (body armour unavailable)
rPois   .          Reflect  .    (helmet unavailable)
rElec   .          Rampage  .    (cloak unavailable)
rCorr   .                        (gloves unavailable)
Will    .....                    (boots unavailable)
Stlth   ++++                     (no amulet)
HPRegen 0.22/turn                (no ring)
MPRegen 0.08/turn                (no ring)

@: constricted, quick
A: very small, claws 1, fangs 3, see invisible, speed 1, shaggy fur 1, stealthy
paws, no weapons or thrown items, no armour, multi-lived
a: no special abilities


You were on level 3 of the Dungeon.
You visited 1 branch of the dungeon, and saw 3 of its levels.

You collected 11 gold pieces.

Inventory:

Wands
 e - a wand of digging (3)
Scrolls
 a - a scroll of fog
 b - a scroll of blinking {unknown}
 f - a scroll of acquirement {unknown}
Potions
 d - a potion of haste


   Skills:
 - Level 3.0 Fighting
 - Level 2.6 Dodging
 * Level 7.4 Stealth
 + Level 2.4 Unarmed Combat


You had one spell level left.
You didn't know any spells.
Your spell library was empty.

Dungeon Overview and Level Annotations

Branches:
Dungeon (5/15)             Temple (0/1) D:5

Altars:
Dithmenos

Annotations:
D:5 exclusion: lemure


Innate Abilities, Weirdness & Mutations

You have sharp claws.
You have razor-sharp teeth.
You have supernaturally acute eyesight. (SInv)
You cover ground quickly. (Speed+)
You are covered in fur. (AC +1)
Your paws help you pounce on unaware monsters.
You are incapable of wielding weapons or throwing items.
You cannot wear armour.
You gain extra lives every three experience levels.


Message History

You hear a shout!
The goblin shoots a sling bullet.
The sling bullet hits you.
A hobgoblin comes into view.
Found 6 stones.
The goblin shoots a sling bullet.
The sling bullet closely misses you.
Found a scroll labelled TAUSEU NIVIDI.
You see here a scroll labelled TAUSEU NIVIDI.
The goblin shoots a sling bullet.
The sling bullet hits you.
Found a helmet.
A ball python comes into view.
Found a stone staircase leading up.
A ball python comes into view.
The goblin shoots a sling bullet.
The sling bullet barely misses you.
There is a stone staircase leading up here.
The ball python completely misses you. The ball python grabs you.
You stop ascending the stairs.
The ball python constricts you.
You closely miss the ball python. The ball python misses you.
The ball python constricts you. The ball python bites you.
You scratch the ball python.
You kill the ball python!
The ball python closely misses you. The ball python completely misses you.
The ball python barely misses you. The ball python grabs you.
You stop ascending the stairs.
The ball python constricts you.
You escape the ball python's grasp.
The gnoll hits you with a +0 club.
* * * LOW HITPOINT WARNING * * *
The ball python closely misses you. The ball python completely misses you.
You climb upwards.
Found a smoky ruby potion.
Found an escape hatch in the floor.
There is a stone staircase leading down here.
You scratch the ball python but do no damage.
The gnoll closely misses you. The ball python misses you.
The ball python closely misses you.
You closely miss the ball python. Your bite misses the ball python.
The ball python bites you but does no damage.
The ball python closely misses you. The gnoll closely misses you.
You barely miss the ball python. The ball python barely misses you.
The ball python grabs you. The ball python constricts you.
* * * LOW HITPOINT WARNING * * *
The gnoll hits you with a +0 club.
You die...

####.#. ..
#.>...# #. #
#........ ..
###.....#. .#
........ .l
#.....#.#.#.
##..S.g......
#....@.#
#.........!..
#.######.#.#.
.. l. . .# ..
.


You could see a gnoll, a ball python and 2 frilled lizards.

Vanquished Creatures
  2 adders (D:4)
  2 ball pythons (D:4)
  A jackal (D:4)
5 creatures vanquished.

Notes
Turn   | Place    | Note
-------+----------+-------------------------------------------
     0 | D:5      | Ceno the Felid Delver began the quest for the Orb.
     0 | D:5      | Reached XP level 1. HP: 10/10 MP: 2/2
    32 | D:5      | Noticed a lemure
   102 | D:5      | Found a shadowy altar of Dithmenos.
   112 | D:5      | Noticed a lemure
   118 | D:4      | Reached skill level 7 in Stealth
   118 | D:4      | Reached XP level 2. HP: 14/14 MP: 3/3
   142 | D:5      | Noticed a lemure
   142 | D:5      | Noticed a lemure
   148 | D:5      | Noticed a black bear
   231 | D:4      | Noticed a phantom
   320 | D:3      | Slain by a gnoll

Illustrated notes

Levels and vault maps discovered:
D:3:      layout_rooms, minmay_misc_feat_enclosed, interstate_on_off,
          st_stairs_13, minivault_23, grunt_decor_arrowhead, serial_bayou_ford_a
D:4:      layout_cave_pools
D:5:      layout_cave_pools, lemuel_round_altar, minmay_temple_entry_fiery,
          lightli_sewer_entry_pipes, minmay_misc_feat_rugged, uniq_pikel

Skill      XL: |  1 |
---------------+----+-----
Stealth        | 7 |  7.4
Fighting       | |  3.0
Dodging        | |  2.6
Unarmed Combat | |  2.4

Action                     || total
---------------------------++-------
  Melee: Unarmed           ||    14
         Bite              ||     2
    Use: Scroll            ||     2
   Stab: Sleeping          ||     2
 Armour: Skin              ||     2
  Dodge: Dodged            ||    42

Table legend: (Time is in decaauts)
 A = Elapsed time spent in this place.
 B = Non-inter-level travel time spent in this place.
 C = Inter-level travel time spent in this place.
 D = Time resting spent in this place.
 E = Time spent auto-exploring this place.
 F = Levels seen in this place.
 G = Mean time per level.
                   A        B        C        D        E       F      G
               +--------+--------+--------+--------+--------+-----+--------+
         Total |    269 |    269 |      0 |     40 |      0 |   3 |   89.7 |
       Dungeon |    269 |    269 |      0 |     40 |      0 |   3 |   89.7 |
               +--------+--------+--------+--------+--------+-----+--------+

Top non-repeatable levels by time:
     D:4: 140 daAuts
     D:5: 126 daAuts
     D:3: 2 daAuts
